 Dungeon Crawl Stone Soup version 0.30-a0-279-g4b46babb21 (webtiles) character file.

Game seed: 8723262795713723155

677 koil the Sneak (level 7, 0/35 HPs)
             Began as a Spriggan Enchanter on Oct 17, 2022.
             Splashed by a jelly's acid (4 damage)
             ... on level 5 of the Dungeon.
             The game lasted 00:14:05 (4529 turns).

koil the Sneak (Spriggan Enchanter)                 Turns: 4529, Time: 00:14:05

Health: 0/35       AC:  3    Str:  4    XL:     7   Next: 33%
Magic:  5/15       EV: 19    Int: 17    God:
Gold:   344        SH:  0    Dex: 17    Spells: 7/15 levels left

rFire   . . .      SeeInvis +    a - +1 dagger
rCold   . . .      Faith    .    (no shield)
rNeg    . . .      Spirit   .    l - +0 robe {Will+}
rPois   .          Reflect  .    (helmet restricted)
rElec   .          Harm     .    w - +0 cloak
rCorr   .          Rampage  .    (gloves unavailable)
Will    ++...                    (boots unavailable)
Stlth   ++++......               (no amulet)
HPRegen 0.25/turn                (no ring)
MPRegen 0.14/turn                (no ring)

@: very quick
A: very small, no large weapons, unfitting armour, see invisible, speed 3
a: no special abilities


You were on level 5 of the Dungeon.
You visited 1 branch of the dungeon, and saw 6 of its levels.

You collected 344 gold pieces.

Inventory:

Hand Weapons
 a - a +1 dagger (weapon)
 s - a +0 dagger of venom
 B - a +2 dire flail of protection
Missiles
 o - 10 poisoned darts (quivered)
 x - 2 datura-tipped darts
Armour
 b - a +0 robe
 l - a +0 robe of willpower (worn)
 w - a +0 cloak (worn)
 C - a +1 chain mail of willpower
Magical Staves
 A - a staff of poison
Jewellery
 m - a ring of flight
Scrolls
 d - a scroll of immolation {unknown}
 e - a scroll of amnesia {unknown}
 f - 2 scrolls of magic mapping {unknown}
 g - 2 scrolls of teleportation {unknown}
 k - 3 scrolls of identify {unknown}
 n - a scroll of acquirement {unknown}
 p - a scroll of vulnerability {unknown}
 q - a scroll of enchant weapon {unknown}
 r - 3 scrolls of torment {unknown}
 t - 2 scrolls of fear {unknown}
 u - a scroll of noise {unknown}
 v - a scroll of enchant armour {unknown}
 y - a scroll of poison {unknown}
Potions
 c - 2 potions of invisibility
 h - 2 potions of degeneration {unknown}
 i - 2 potions of attraction {unknown}
 j - a potion of mutation {unknown}
 z - 4 potions of brilliance {unknown}


   Skills:
 + Level 2.2 Fighting
 + Level 3.6 Short Blades
 + Level 5.0 Dodging
 + Level 6.7 Stealth
 + Level 4.6 Spellcasting
 + Level 0.3 Conjurations
 + Level 5.4 Hexes


You had 7 spell levels left.
You knew the following spells:

 Your Spells              Type           Power      Damage    Failure   Level
a - Ensorcelled Hibernat  Hex/Ice        26%        N/A       8%          2
b - Confusing Touch       Hex            22%        N/A       4%          3
c - Dazzling Flash        Conj/Hex       26%        N/A       14%         3

Your spell library contained the following spells:

 Spells                   Type           Power      Damage    Failure   Level
 Tukima's Dance           Hex            22%        N/A       4%          3
 Summon Guardian Golem    Hex/Summ       13%        N/A       14%         3
 Apportation              Tloc           6%         N/A       16%         1
 Necrotise                Necr           12%        1d4       16%         1
 Summon Small Mammal      Summ           12%        N/A       16%         1
 Passwall                 Tmut/Erth      2%         N/A       22%         2
 Call Canine Familiar     Summ           3%         N/A       41%         3
 Swiftness                Air            3%         N/A       41%         3
 Silence                  Hex/Air        6%         N/A       80%         5
 Passage of Golubria      Tloc           3%         N/A       83%         4
 Orb of Destruction       Conj           2%         9d5       100%        7
 Spellforged Servitor     Conj/Summ      2%         N/A       100%        7
 Lehudib's Crystal Spear  Conj/Erth      2%         10d2      100%        8


Dungeon Overview and Level Annotations

Branches:
Dungeon (6/15)
 Temple: D:4-7

Altars:
Fedhas
Hepliaklqana
Okawaru
Xom
Zin

Shops:
D:1 [

Annotations:
D:6 Dowan, Duvessa, Prince Ribbit


Innate Abilities, Weirdness & Mutations

You are very small and have problems with some larger weapons.
You are too small for most types of armour.
You have supernaturally acute eyesight. (SInv)
You cover ground extremely quickly. (Speed+++)


Message History

The arrow closely misses Duvessa.
The jelly hits you.
You are splashed with acid!
Duvessa misses you.
The orc hits you with a +2 short sword of speed.
The centaur shoots an arrow.
The arrow hits you. The orc misses you. Duvessa hits you with a +0 rapier!
* * * LOW HITPOINT WARNING * * *
The jelly misses you.
There is a stone staircase leading up, spattered with blood here.
Okay, then.
The centaur shoots an arrow.
The arrow barely misses you.
The arrow hits Duvessa!
The orc closely misses you. The jelly barely misses you.
Duvessa hits you with a +0 rapier.
* * * LOW HITPOINT WARNING * * *
You climb upwards.
There is a stone staircase leading down, spattered with blood here.
Casting: Confusing Touch (dangerous; 4% risk of failure)
Confirm with . or Enter, or press ? or * to list all spells.
Aiming: Ensorcelled Hibernation (safe; 8% risk of failure)
Press: ? - help, Shift-Dir - straight line, f - orc
Aim: an orc, wielding a +2 short sword of speed and wearing a +0 ring mail (chance to confuse on hit: 71%, chance to affect: 64%)
The orc looks drowsy...
The jelly hits you but does no damage.
Casting: Ensorcelled Hibernation (safe; 8% risk of failure)
Confirm with . or Enter, or press ? or * to list all spells.
Aiming: Ensorcelled Hibernation (safe; 8% risk of failure)
Press: ? - help, Shift-Dir - straight line, f - jelly, p - orc
Aim: a jelly (chance to confuse on hit: 63%, chance to affect: 55%)
The jelly looks drowsy...
The helpless jelly fails to defend itself.
You hit the jelly but do no damage.
The jelly appears confused.
Your hands burn!
* * * LOW HITPOINT WARNING * * *
Unknown command.
Casting: Ensorcelled Hibernation (safe; 8% risk of failure)
Confirm with . or Enter, or press ? or * to list all spells.
Aiming: Ensorcelled Hibernation (safe; 8% risk of failure)
Press: ? - help, Shift-Dir - straight line, f/p - jelly
Aim: a jelly (confused, not susceptible)
The jelly is unaffected.
You hit the jelly.
Your hands burn!
You die...

#.# ##.#.####.#+#...#+#
#.# #..###.+.#.......#
#.# #.#.#..#####...###
#.#######
#.##.#.....+...'.#
#.....W.#
#.####.#########.#
#######.# #.# #.# #....
#.# #.# #.# #....
#W######o# #.# #....
#.#....J@# #.# ####.#
#.#.#########.######..'.#
#....................####
###.#########.#########.#
#.# #............ #.#
#####.#####.# #.# ##.#.##
#.. #.# ##.###.###..
##.##########.#####.###.


You could see a jelly (confused) and an orc (asleep).

Vanquished Creatures
  Edmund (D:5)
  An ice beast (D:4)
  A black bear (D:4)
  A phantom (D:5)
  A necrophage (D:4)
  A hound (D:5)
  An iguana (D:5)
  An orc wizard (D:5)
  4 gnolls (D:4)
  3 adders
  A worm (D:2)
  A dart slug (D:4)
  2 orcs
  6 ball pythons
  11 endoplasms
  14 giant cockroaches
  7 goblins
  2 hobgoblins
  5 jackals
  10 kobolds
  4 quokkas
  3 bats
  4 frilled lizards
  9 rats
94 creatures vanquished.

Vanquished Creatures (others)
  An orc wizard (D:6)
1 creature vanquished.

Grand Total: 95 creatures vanquished

Notes
Turn   | Place    | Note
-------+----------+-------------------------------------------
     0 | D:1      | koil the Spriggan Enchanter began the quest for the Orb.
     0 | D:1      | Reached XP level 1. HP: 9/9 MP: 5/5
   102 | D:1      | Found Ycotz's Antique Armour Boutique.
   190 | D:1      | Reached XP level 2. HP: 13/13 MP: 6/6
   193 | D:1      | Learned a level 2 spell: Ensorcelled Hibernation
   969 | D:2      | Reached XP level 3. HP: 16/17 MP: 8/8
  1286 | D:2      | Reached skill level 5 in Stealth
  1572 | D:2      | Reached XP level 4. HP: 16/21 MP: 9/9
  1752 | D:3      | Reached skill level 1 in Fighting
  2357 | D:4      | Found a blossoming altar of Fedhas.
  2359 | D:4      | Found a glowing silver altar of Zin.
  2359 | D:4      | Noticed a necrophage
  2360 | D:4      | Found a shimmering altar of Xom.
  2392 | D:4      | Learned a level 3 spell: Confusing Touch
  2558 | D:4      | Reached XP level 5. HP: 7/23 MP: 7/11
  2835 | D:4      | Found a hazy altar of Hepliaklqana.
  2998 | D:4      | Noticed a black bear
  3005 | D:4      | Killed a black bear
  3006 | D:4      | Reached XP level 6. HP: 18/30 MP: 3/13
  3007 | D:4      | Found an iron altar of Okawaru.
  3260 | D:4      | Noticed an ice beast
  3280 | D:4      | Killed an ice beast
  3281 | D:4      | Reached skill level 6 in Stealth
  3510 | D:5      | Entered Level 5 of the Dungeon
  3608 | D:5      | Reached skill level 5 in Hexes
  3625 | D:5      | Noticed Edmund
  3642 | D:5      | Killed Edmund
  3643 | D:5      | Reached XP level 7. HP: 15/35 MP: 11/14
  3984 | D:5      | Learned a level 3 spell: Dazzling Flash
  4306 | D:6      | Noticed Duvessa
  4306 | D:6      | Noticed Dowan
  4319 | D:6      | Noticed Prince Ribbit
  4514 | D:5      | Reached skill level 5 in Dodging
  4529 | D:5      | Splashed by a jelly's acid

Illustrated notes

Levels and vault maps discovered:
D:1:      pf_arrival_petrified_forest, layout_loops_ring, serial_shops,
          nicolae_shop_advertising_works [nicolae_subvault_shop_adworks],
          minmay_3d_cube
D:2:      layout_basic, minmay_cut_off
D:3:      minmay_roachtagon, layout_rooms
D:4:      layout_loops_ring, okawaru_trees_2, grunt_temple_overflow_open,
          bh_walls_and_bars
D:5:      nicolae_cairo_tiling_large, layout_loops_ring, uniq_edmund
D:6:      layout_cave_pools, overflow_temple_1_default, temple_doors_ab,
          enter_ossuary_5, st_stairs_9, uniq_pikel, uniq_duvessa,
          uniq_crazy_yiuf_cottage, uniq_prince_ribbit1

Skill      XL: |  1  2  3  4  5  6  7 |
---------------+----------------------+-----
Dodging        | 3 4 5 |  5.0
Spellcasting   | 3 4 |  4.6
Short Blades   | 2 3 |  3.6
Hexes          | 4 5 |  5.4
Stealth        | 5 6 |  6.7
Fighting       | 1 2 |  2.2
Conjurations   | |  0.3

Action                   |  1- 3 |  4- 6 |  7- 9 || total
-------------------------+-------+-------+-------++-------
Melee: Dagger            |   128 |   192 |    33 ||   353
       Punch             |     1 |     2 |       ||     3
 Cast: Ensorcelled Hiber |     4 |    17 |     5 ||    26
       Confusing Touch   |       |     5 |     3 ||     8
 Stab: Sleeping          |    14 |    20 |     4 ||    38
       Confused          |       |     2 |     1 ||     3
Armor: Robe              |     5 |    37 |     5 ||    47
Dodge: Dodged            |    83 |   291 |    32 ||   406

Table legend: (Time is in decaauts)
 A = Elapsed time spent in this place.
 B = Non-inter-level travel time spent in this place.
 C = Inter-level travel time spent in this place.
 D = Time resting spent in this place.
 E = Time spent auto-exploring this place.
 F = Levels seen in this place.
 G = Mean time per level.
                   A        B        C        D        E       F      G
               +--------+--------+--------+--------+--------+-----+--------+
         Total |   3250 |   3211 |     39 |    350 |   2051 |   6 |  541.7 |
       Dungeon |   3250 |   3211 |     39 |    350 |   2051 |   6 |  541.7 |
               +--------+--------+--------+--------+--------+-----+--------+

Top non-repeatable levels by time:
     D:4: 782 daAuts
     D:5: 721 daAuts
     D:2: 632 daAuts
     D:1: 581 daAuts
     D:3: 514 daAuts
     D:6: 18 daAuts
